 Dungeon Crawl Stone Soup version 0.31-a0-1009-g454b1f1e0a (webtiles) character file.

Game seed: 7538997236290946618

45 Avanven the Slasher (level 3, -2/29 HPs)
             Began as a Demigod Reaver on Nov 15, 2023.
             Succumbed to Crazy Yiuf's poison
             ... while paralysed by Crazy Yiuf
             ... on level 2 of the Dungeon.
             The game lasted 00:02:41 (1635 turns).

Avanven the Slasher (Demigod Reaver)                Turns: 1635, Time: 00:02:41

Health: -2/29      AC:  3    Str: 13    XL:     3   Next: 25%
Magic:  8/8        EV:  2    Int: 25    God:
Gold:   107        SH:  0    Dex: 12    Spells: 2/5 levels left

rFire   . . .        a - +0 falchion
rCold   . . .        (no shield)
rNeg    . . .        b - +0 leather armour
rPois   .            (no helmet)
rElec   .            (no cloak)
rCorr   .            (no gloves)
SInv    .            (no boots)
Will    .....        (no amulet)
Stlth   +            n - +6 ring of intelligence
HPRegen 0.24/turn    (no ring)
MPRegen 0.11/turn

%: no passive effects
@: paralysed, lethally poisoned (-2 -> -21)
A: high MP 1, forlorn, divine attributes
a: no special abilities


You were on level 2 of the Dungeon.
You visited 1 branch of the dungeon, and saw 2 of its levels.

You collected 107 gold pieces.

Inventory:

Hand Weapons
 a - a +0 falchion (weapon)
Armour
 b - a +0 leather armour (worn)
Jewellery
 n - a +6 ring of intelligence (left hand)
Scrolls
 c - 3 scrolls of identify {unknown}
 h - 2 scrolls of teleportation {unknown}
 i - 2 scrolls of amnesia {unknown}
 l - a scroll of blinking {unknown}
 o - a scroll of revelation {unknown}
 p - a scroll of immolation {unknown}
Potions
 d - a potion of berserk rage {unknown}
 e - a potion of brilliance {unknown}
 f - a potion of mutation {unknown}
 g - 2 potions of curing {unknown}
 j - a potion of might {unknown}
 k - a potion of attraction {unknown}
 m - a potion of degeneration {unknown}


   Skills:
 - Level 1.7 Fighting
 * Level 3.7 Long Blades
 - Level 1.7 Dodging
 - Level 1.7 Spellcasting
 + Level 3.2 Conjurations


You had 2 spell levels left.
You knew the following spells:

 Your Spells              Type           Power      Damage    Failure   Level
a - Kiss of Death         Conj/Necr      40%        2d8       8%          1
b - Momentum Strike       Conj/Tloc      20%        3d8       12%         2

Your spell library contained the following spells:

 Spells                   Type           Power      Damage    Failure   Level
 Apportation              Tloc           4%         N/A       14%         1
 Necrotise                Necr           8%         1d4       14%         1
 Summon Small Mammal      Summ           8%         N/A       14%         1
 Hailstorm                Conj/Ice       10%        3d5       22%         3
 Call Canine Familiar     Summ           2%         N/A       41%         3
 Ozocubu's Armour         Ice            2%         N/A       41%         3
 Sigil of Binding         Hex            2%         N/A       41%         3
 Dimensional Bullseye     Hex/Tloc       1%         N/A       82%         4
 Leda's Liquefaction      Hex/Erth       1%         N/A       82%         4
 Metabolic Englaciation   Hex/Ice        1%         N/A       99%         5
 Simulacrum               Ice/Necr       1%         N/A       100%        6


Dungeon Overview and Level Annotations

Branches:
Dungeon (2/15)

Annotations:
D:2 Crazy Yiuf


Innate Abilities, Weirdness & Mutations

You have an increased reservoir of magic. (+10% MP)
You shall have no god before yourself.
Your divine heritage dramatically boosts your attributes as you level up.


Message History

p - a scroll labelled VOROUDDE QACS
Found a club.
You see here a +0 ring mail.
Found a hammer.
Found a runed translucent door.
Crazy Yiuf screams, "Rifle dark bag!"
You see here a +0 ring mail.
You see here 2 stones.
You see here a +0 dagger.
Found a stone staircase leading down.
An endoplasm comes into view.
An endoplasm is nearby!
Casting: Momentum Strike (safe; 12% risk of failure)
Confirm with . or Enter, or press ? or * to list all spells.
Aiming: Momentum Strike (safe; 12% risk of failure)
Press: ? - help, Dir - move target, f - endoplasm
Aim: an endoplasm (97% to hit)
The concentrated momentum hits the endoplasm!
You kill the endoplasm!
You are unable to move.
You are no longer robbed of momentum.
You open the door.
There is an open door here.
You open the large door.
There is a large open door here.
You see here a jackal skeleton.
You see here a +0 ring mail.
You see here a +0 club.
Crazy Yiuf shouts!
Could not explore, unopened runed door.
Could not explore, unopened runed door.
You open the door. You closely miss Crazy Yiuf. Crazy Yiuf closely misses you.
You hit Crazy Yiuf but do no damage.
Crazy Yiuf hits you with a +3 quarterstaff of chaos!
Ouch! That really hurt!
You suddenly lose the ability to move!
Crazy Yiuf hits you with a +3 quarterstaff of chaos!
* * * LOW HITPOINT WARNING * * *
You are lethally poisoned!
You die...

#....###....#.#....
#....# ####.#...###
#....# #....## #
##...# ###### #
##.## # ##.# # #.##
# ##.# # #@## # #g#
# ... # #...# #)..#
#####


You could see Crazy Yiuf.

Vanquished Creatures
  A dart slug (D:2)
  5 ball pythons
  3 endoplasms (D:2)
  A giant cockroach (D:2)
  3 goblins
  5 hobgoblins (D:1)
  4 jackals (D:2)
  2 quokkas (D:1)
  4 bats
  A frilled lizard (D:2)
  3 kobolds
  6 rats
38 creatures vanquished.

Notes
Turn   | Place    | Note
-------+----------+-------------------------------------------
     0 | D:1      | Avanven the Demigod Reaver began the quest for the Orb.
     0 | D:1      | Reached XP level 1. HP: 17/17 MP: 5/5
   129 | D:1      | Reached XP level 2. HP: 14/24 MP: 7/7
  1098 | D:2      | Reached XP level 3. HP: 29/29 MP: 8/8
  1176 | D:2      | Learned a level 2 spell: Momentum Strike
  1392 | D:2      | Found a runed translucent door.
  1393 | D:2      | Noticed Crazy Yiuf
  1633 | D:2      | Paralysed by Crazy Yiuf for 3 turns
  1635 | D:2      | Succumbed to Crazy Yiuf's poison

Illustrated notes

Levels and vault maps discovered:
D:1:      minmay_arrival_glassed_features, layout_loops_ring,
          minmay_heptomino_w4
D:2:      layout_loops_cross, grunt_decor_arrowhead, minmay_close_crescents,
          uniq_crazy_yiuf_cottage

Skill      XL: |  1  2 |
---------------+-------+-----
Long Blades    | 3 |  3.7
Conjurations   | 3 |  3.2
Fighting       | |  1.7
Dodging        | |  1.7
Spellcasting   | |  1.7

Action                     || total
---------------------------++-------
  Melee: Falchion          ||    97
         Punch             ||     1
   Cast: Momentum Strike   ||     1
   Stab: Distracted        ||     1
         Sleeping          ||     1
 Armour: Leather armour    ||    55
  Dodge: Dodged            ||    62

Table legend: (Time is in decaauts)
 A = Elapsed time spent in this place.
 B = Non-inter-level travel time spent in this place.
 C = Inter-level travel time spent in this place.
 D = Time resting spent in this place.
 E = Time spent auto-exploring this place.
 F = Levels seen in this place.
 G = Mean time per level.
                   A        B        C        D        E       F      G
               +--------+--------+--------+--------+--------+-----+--------+
         Total |   1647 |   1633 |     14 |     65 |   1328 |   2 |  823.5 |
       Dungeon |   1647 |   1633 |     14 |     65 |   1328 |   2 |  823.5 |
               +--------+--------+--------+--------+--------+-----+--------+

Top non-repeatable levels by time:
     D:1: 880 daAuts
     D:2: 767 daAuts
